 Dungeon Crawl Stone Soup version 0.27.0-1-g7a089689b8 (webtiles) character file.

Game seed: 7710553051073507776

175 dolemite99 the Grave Robber (level 5, -4/40 (42) HPs)
             Began as a Deep Dwarf Necromancer on Aug 8, 2021.
             Slain by Crazy Yiuf (14 damage)
             ... on level 2 of the Dungeon.
             The game lasted 00:03:05 (3314 turns).

dolemite99 the Grave Robber (DDNe)                  Turns: 3314, Time: 00:03:06

HP:   -4/40 (42)    AC:  2    Str: 11    XL:     5   Next: 29%
MP:   1/7           EV: 12    Int: 17    God:
Gold: 71            SH:  0    Dex: 13    Spells: 6/7 levels left

rFire    + . .     SeeInvis .   k - +0 flail
rCold    + . .     Faith    .   (no shield)
rNeg     . . .     Spirit   .   a - +0 robe
rPois    .         Reflect  .   (no helmet)
rElec    .         Harm     .   m - scarf {rC+ rF+}
rCorr    .         Rampage  .   (no gloves)
Will     .....                  (no boots)
Stlth    ++........             i - amulet of magic regeneration
HPRegen  0.00/turn              (no ring)
MPRegen  0.35/turn              (no ring)

@: lightly drained
A: damage resistance, heal wounds, sense surroundings 1, no regeneration
a: Heal Wounds


You were on level 2 of the Dungeon.
You visited 1 branch of the dungeon, and saw 2 of its levels.

You collected 71 gold pieces.

Inventory:

Hand Weapons
 h - a +0 short sword
 k - a +0 flail (weapon)
 o - a +0 dagger
 r - a +0 hand axe
Missiles
 b - 92 stones
 q - 9 sling bullets
Armour
 a - a +0 robe (worn)
 m - a scarf of resistance (worn)
Jewellery
 i - an amulet of magic regeneration (around neck)
Wands
 l - a wand of flame (26)
Scrolls
 e - a scroll of identify {unknown}
 j - 2 scrolls of vulnerability {unknown}
 n - a scroll of immolation {unknown}
Potions
 c - a potion of degeneration {unknown}
 d - a potion of mutation {unknown}
 f - a potion of might {unknown}
 g - a potion of brilliance {unknown}
 p - a potion of lignification {unknown}


   Skills:
 - Level 2.1 Dodging
 - Level 2.4 Stealth
 - Level 1.7 Spellcasting
 + Level 7.3 Necromancy


You had 6 spell levels left.
You knew the following spells:

 Your Spells              Type           Power      Damage    Failure   Level
a - Pain                  Necr           100%       1d9       1%          1

Your spell library contained the following spells:

 Spells                   Type           Power      Damage    Failure   Level
 Animate Skeleton         Necr           52%        N/A       1%          1
 Vampiric Draining        Necr           13%        2d7       3%          3
 Animate Dead             Necr           13%        N/A       10%         4
 Agony                    Necr           26%        N/A       26%         5


Dungeon Overview and Level Annotations

Branches:
Dungeon (2/15)

Altars:

Shops:
D:2 [

Annotations:
D:2 Crazy Yiuf


Innate Abilities, Weirdness & Mutations

You are resistant to damage.
You can heal yourself by infusing magical energy.
You passively map a small area around you.
You do not regenerate.


Message History

The hound writhes in agony!
You kill the hound!
You start resting.
Magic restored.
You start waiting.
Done waiting.
You start waiting.
Done waiting.
You see here a hound skeleton.
There is a stone staircase leading up here.
Key pressed, stopping explore.
Crazy Yiuf shouts!
You open the door.
Casting: Pain (safe; 1% risk of failure)
Confirm with . or Enter, or press ? or * to list all spells.
Aiming: Pain (safe; 1% risk of failure)
Press: ? - help, Shift-Dir - straight line, f - Crazy Yiuf
Aim: Crazy Yiuf, wielding a +3 quarterstaff of chaos and wearing a +0 cloak (chance to affect: 89%) Crazy Yiuf writhes in agony.
Crazy Yiuf closely misses you.
Casting: Pain (safe; 1% risk of failure)
Confirm with . or Enter, or press ? or * to list all spells.
Aiming: Pain (safe; 1% risk of failure)
Press: ? - help, Shift-Dir - straight line, f/p - Crazy Yiuf
Aim: Crazy Yiuf, wielding a +3 quarterstaff of chaos and wearing a +0 cloak (moderately wounded, chance to affect: 89%) Crazy Yiuf writhes in agony.
Crazy Yiuf hits you with a +3 quarterstaff of chaos!
You feel your power leaking away.
Casting: Pain (safe; 1% risk of failure)
Confirm with . or Enter, or press ? or * to list all spells.
You don't have enough magic to cast this spell.
You closely miss Crazy Yiuf.
Crazy Yiuf is moderately wounded.
Crazy Yiuf hits you but does no damage.
Crazy Yiuf hits you with a +3 quarterstaff of chaos.
* * * LOW HITPOINT WARNING * * *
You feel drained.
You hit Crazy Yiuf.
Crazy Yiuf is heavily wounded.
Crazy Yiuf hits you with a +3 quarterstaff of chaos!
You die...

#...>....# #.#
#.###...## ###
#.#.....# #..#....#
##### #.#.....#
#)..# #####
#.#.#...# #...#
##≈≈≈## #.......#
... #≈≈≈≈≈#
###.....# *#g#
#≈≈∩≈≈# #.....#
♣@♣♣ #≈≈.≈≈#
##.##..# ♣♣.♣
##≈.≈.# #...#..#
♣.♣♣ ##.#.#
#......# ♣♣.♣ #...#
#...#.## ♣♣.♣♣ ###
###.## # ##.....#
♣♣...♣ #.## #..##
########)..# ♣....♣
#..####...##
...........# #....#
#..'.......#
#.######...#
##..####..####...##


You could see Crazy Yiuf.

Vanquished Creatures
  A hound (D:2)
  Terence (D:2)
  Natasha (thrice) (D:2)
  An adder (D:2)
  4 ball pythons (D:2)
  5 bats
  4 endoplasms
  3 giant cockroaches
  A goblin (D:2)
  2 hobgoblins (D:1)
  4 quokkas
  2 frilled lizards (D:1)
  4 kobolds
  A rat (D:1)
36 creatures vanquished.

Notes
Turn   | Place    | Note
-------+----------+-------------------------------------------
     0 | D:1      | dolemite99 the Deep Dwarf Necromancer began the quest for
                  | the Orb.
     0 | D:1      | Reached XP level 1. HP: 15/15 MP: 3/3
   150 | D:1      | Found a faded altar of an unknown god.
   690 | D:1      | Reached XP level 2. HP: 20/22 MP: 0/4
  1065 | D:1      | Reached skill level 5 in Necromancy
  1893 | D:2      | Found Yteceq's Antique Armour Shoppe.
  1970 | D:2      | Found a runed translucent door.
  1971 | D:2      | Noticed Crazy Yiuf
  2032 | D:2      | Reached XP level 3. HP: 26/28 MP: 2/5
  2054 | D:2      | Noticed Natasha
  2060 | D:2      | Killed Natasha
  2068 | D:2      | Reached skill level 6 in Necromancy
  2116 | D:2      | Noticed Natasha
  2125 | D:2      | HP: 1/28 [Natasha (7)]
  2127 | D:2      | Killed Natasha
  2128 | D:2      | Reached XP level 4. HP: 11/36 MP: 0/6
  2666 | D:2      | Noticed Terence
  2671 | D:2      | Killed Terence
  2685 | D:2      | Noticed Natasha
  2694 | D:2      | Killed Natasha
  2695 | D:2      | Reached skill level 7 in Necromancy
  2695 | D:2      | Reached XP level 5. HP: 27/42 MP: 1/7
  3314 | D:2      | Slain by Crazy Yiuf

Illustrated notes

Levels and vault maps discovered:
D:1:      lemuel_arrival_cross, layout_basic,
          hellmonk_ecumenical_altar_arch_garden
D:2:      layout_loops_corners, serial_shops, nicolae_shop_waterfront,
          uniq_natasha, uniq_crazy_yiuf_cottage, uniq_terence

Skill      XL: |  1  2  3  4 |
---------------+-------------+-----
Necromancy     | 5 6 7 |  7.3
Dodging        | |  2.1
Stealth        | |  2.4
Spellcasting   | |  1.7

Action                   |  1- 3 |  4- 6 || total
-------------------------+-------+-------++-------
Melee: Unarmed           |     2 |       ||     2
       Flail             |     7 |     3 ||    10
 Cast: Pain              |    62 |    31 ||    93
 Abil: Heal Wounds       |     1 |     1 ||     2
Armor: Robe              |     8 |     2 ||    10
Dodge: Dodged            |    26 |    17 ||    43
